 Dungeon Crawl Stone Soup version 0.27-a0-1287-gca74d27db6 (webtiles) character file.

Game seed: 16750140662648218643

10705 night the Frost Mage (level 11, -1/83 HPs)
             Began as a Demonspawn Ice Elementalist on June 13, 2021.
             Was an Initiate of Gozag.
             Killed by vampiric draining
             ... invoked by a vampire
              (16 damage)
             ... on level 9 of the Dungeon on June 14, 2021.
             The game lasted 00:31:28 (12136 turns).

night the Frost Mage (Demonspawn Ice Elementalist) Turns: 12136, Time: 00:31:29

Health: -1/83      AC: 26    Str: 10    XL:     11   Next: 39%
Magic:  21/25      EV: 12    Int: 18    God:    Gozag
Gold:   1022       SH:  9    Dex: 14    Spells: 19/30 levels left

rFire    + . .     SeeInvis .   w - -1 demon blade (protect)
rCold    . . .     Faith    .   (no shield)
rNeg     . . .     Spirit   .   e - +0 steam dragon scales
rPois    .         Reflect  +   (helmet restricted)
rElec    .         Harm     .   g - +0 cloak
rCorr    .         Rampage  .   d - +1 pair of gloves
Will     .....                  (no boots)
Stlth    ++........             i - amulet of reflection
HPRegen  0.23/turn              m - ring of protection from fire
MPRegen  0.19/turn              (no ring)

@: ice-armoured, under a protective aura
A: horns 2, yellow scales 2, powered by death 1, condensation shield
a: Renounce Religion, Potion Petition, Call Merchant, Bribe Branch


You were on level 9 of the Dungeon.
You worshipped Gozag.
Gozag was most pleased with you.
You visited 2 branches of the dungeon, and saw 11 of its levels.

You collected 1386 gold pieces.
You spent 260 gold pieces at shops.
You paid 104 gold pieces to Gozag.

Inventory:

Hand Weapons
 b - a +0 dagger
 f - a +1 dagger of protection
 n - a +2 short sword of venom
 w - a -1 demon blade of protection (weapon)
 y - a +3 battleaxe
 B - a +2 morningstar of protection
 C - a -1 vorpal demon blade
 E - a +2 whip of electrocution
Missiles
 j - 4 boomerangs (quivered)
 k - 234 stones
 v - 8 sling bullets
 D - 24 poisoned darts
Armour
 d - a +1 pair of gloves (worn)
 e - +0 steam dragon scales (worn)
 g - a +0 cloak (worn)
Magical Staves
 h - a staff of cold
Jewellery
 i - an amulet of reflection (around neck)
 m - a ring of protection from fire (left hand)
 H - an amulet of regeneration
Wands
 s - a wand of flame (34)
 t - a wand of paralysis (12)
 z - a wand of iceblast (10)
 A - a wand of acid (2)
 F - a wand of mindburst (2)
 J - a wand of polymorph (7)
Scrolls
 c - 2 scrolls of fear
 o - 3 scrolls of identify
 p - 4 scrolls of teleportation
 q - 3 scrolls of amnesia
 G - a scroll of enchant weapon
 I - a scroll of magic mapping
Potions
 a - 2 potions of might {unknown}
 l - a potion of heal wounds
 r - a potion of curing
 u - a potion of flight
 x - 2 potions of haste


   Skills:
 + Level 6.6 Fighting
 + Level 6.0 Long Blades
 - Level 1.7 Dodging
 - Level 1.7 Stealth
 + Level 10.1 Spellcasting
 - Level 2.0 Conjurations
 + Level 10.5 Ice Magic


You had 19 spell levels left.
You knew the following spells:

 Your Spells              Type           Power      Damage    Failure   Level
a - Freeze                Ice            100%       1d11      1%          1
b - Frozen Ramparts       Ice            94%        1d11      1%          3
c - Ozocubu's Armour      Ice            47%        N/A       1%          3
d - Hailstorm             Conj/Ice       31%        3d8       6%          4

Your spell library contained the following spells:

 Spells                   Type           Power      Damage    Failure   Level
 Corpse Rot               Necr/Air       N/A        N/A       12%         2
 Sublimation of Blood     Necr           4%         N/A       12%         2
 Confusing Touch          Hex            9%         N/A       24%         3
 Gell's Gravitas          Tloc           4%         N/A       24%         3
 Metabolic Englaciation   Hex/Ice        14%        N/A       24%         5
 Dispel Undead            Necr           9%         3d8       61%         4
 Petrify                  Tmut/Erth      9%         N/A       61%         4
 Iskenderun's Battlesphe  Conj           16%        2d7       67%         5
 Bolt of Magma            Conj/Fire/Erth 5%         4d5       86%         5
 Agony                    Necr           9%         N/A       91%         5
 Excruciating Wounds      Necr           4%         N/A       91%         5
 Yara's Violent Unravell  Hex/Tmut       4%         3d4       91%         5
 Iron Shot                Conj/Erth      6%         9d2       100%        6
 Orb of Destruction       Conj           8%         9d4       100%        7
 Spellforged Servitor     Conj/Summ      6%         N/A       100%        7


Dungeon Overview and Level Annotations

Branches:
Dungeon (10/15)            Temple (1/1) D:6            Lair (0/6) D:10
    Orc: D:9-12

Altars:
Ashenzari
Cheibriados
Dithmenos
Elyvilon
Fedhas
Gozag
Hepliaklqana
Kikubaaqudgha
Nemelex Xobeh
Okawaru
Qazlal
Ru
Sif Muna
Trog
Uskayaw
Vehumet
Wu Jian
Xom
Yredelemnul
Zin
The Shining One

Shops:
D:2 *   D:7 *


Innate Abilities, Weirdness & Mutations

You have a pair of horns on your head.
You are mostly covered in yellow scales. (AC +3)
You regenerate a little health from kills.
A meltable shield of frost defends you. (SH +4)


Message History

You closely miss something.
The wall freezes something but does no damage.
Something hits you! You block something's attack.
There is a strange disturbance nearby!
There is a strange disturbance nearby!
There is a strange disturbance nearby!
You hit something but do no damage.
Your weapon exudes an aura of protection.
The wall freezes something.
Something hits you. You block something's attack.
You hit something but do no damage.
The wall freezes something.
Something hits you but does no damage. Something bites you but does no damage.
You barely miss something.
The wall freezes something.
Something hits you but does no damage. Something bites you but does no damage.
You hit something but do no damage. You headbutt something.
The wall freezes something.
Something hits you but does no damage. Something bites you but does no damage.
You closely miss something. You headbutt something.
The wall freezes something.
Something hits you! Something bites you but does no damage.
You closely miss something.
The wall freezes something but does no damage.
Something barely misses you. Something bites you!
Something draws strength from your injuries!
You slash something! You headbutt something.
The wall freezes something.
Something hits you but does no damage. Something bites you.
Something draws strength from your injuries!
You hit something but do no damage.
The wall freezes something.
Something draws life force from you!
Aiming: Mindburst
Press: ? - help, Shift-Dir - straight line Nothing appears to happen.
A vampire appears from thin air!
Reactivating autopickup.
The vampire resists.
The wall freezes the vampire.
The vampire draws life force from you!
* * * LOW HITPOINT WARNING * * *
The vampire is healed by the life force!
You hit the vampire.
The vampire is almost destroyed.
The frozen ramparts melt away.
The vampire draws life force from you!
You die...
Your body crumbles into a pile of gold.

####################
.......##..........#
###...........####.##############
######.##.###..V@................
#.####.##.###..###.##############
.#.................# #
###.#...#.########.# # #
##..#...# #.# # ###.#...###
#.########### # .#.###.##
#...........# # #.####.#
#.#########.# # .......# #.# #.#
#


You could see a vampire.

Vanquished Creatures
  A hydra (D:9)
  5 centaur warriors (D:9)
  Pikel (D:9)
  Maggie (D:7)
  A troll (D:10)
  A slime creature (D:9)
  3 wyverns
  6 yaks
  5 vampire mosquitoes
  3 water moccasins
  2 orc warriors
  2 necrophages
  An ice beast (D:6)
  3 ogres (D:7)
  3 centaurs (D:9)
  A lemure (D:9)
  2 phantoms
  6 bullfrogs
  5 scorpions
  A gnoll sergeant (D:9)
  A kobold brigand (D:10)
  14 wights
  An electric eel (D:7)
  A howler monkey (D:6)
  2 centaur zombies
  A bullfrog zombie (D:7)
  A gnoll shaman (D:8)
  4 hounds
  A centaur skeleton (D:7)
  5 orc priests
  Crazy Yiuf (D:7)
  A bullfrog skeleton (D:5)
  An iguana (D:6)
  6 orc wizards
  A hound skeleton (D:5)
  8 gnolls
  5 adders
  A shadow imp (D:6)
  An ufetubus (D:7)
  An adder zombie (D:5)
  2 adder skeletons (D:4)
  4 worms
  2 dart slugs (D:3)
  18 orcs
  8 bats
  8 endoplasms
  2 giant cockroaches (D:3)
  9 goblins
  14 hobgoblins
  4 jackals
  A quokka (D:3)
  9 ball pythons
  9 frilled lizards
  12 kobolds
  4 rats
216 creatures vanquished.

Vanquished Creatures (others)
  An adder (D:4)
  25 fungi (D:10)
  26 plants (D:10)
52 creatures vanquished.

Grand Total: 268 creatures vanquished

Notes
Turn   | Place    | Note
-------+----------+-------------------------------------------
     0 | D:1      | night the Demonspawn Ice Elementalist began the quest for
                  | the Orb.
     0 | D:1      | Reached XP level 1. HP: 13/13 MP: 3/3
   288 | D:1      | Gained mutation: You are partially covered in yellow
                  | scales. (AC +2) [demonic ancestry]
   288 | D:1      | Reached XP level 2. HP: 19/19 MP: 3/5
  1027 | D:1      | Gained mutation: You regenerate a little health from kills.
                  | [demonic ancestry]
  1027 | D:1      | Reached XP level 3. HP: 22/24 MP: 4/7
  1300 | D:1      | Upgraded the game from 0.27-a0-1281-ge233d83751 to
                  | 0.27-a0-1287-gca74d27db6
  1302 | D:1      | Found a faded altar of an unknown god.
  1394 | D:1      | Learned a level 3 spell: Frozen Ramparts
  1398 | D:1      | Learned a level 3 spell: Ozocubu's Armour
  2345 | D:2      | Found Ereymama's Assorted Antiques.
  2349 | D:2      | Identified a scroll of acquirement
  2349 | D:2      | Acquired a staff of cold
  2613 | D:3      | Gained mutation: You have a pair of small horns on your
                  | head. [demonic ancestry]
  2613 | D:3      | Reached XP level 4. HP: 30/30 MP: 1/8
  3835 | D:4      | Gained mutation: A meltable shield of frost defends you.
                  | (SH +4) [demonic ancestry]
  3835 | D:4      | Reached XP level 5. HP: 34/35 MP: 3/10
  3963 | D:4      | Reached skill level 5 in Ice Magic
  4490 | D:4      | Reached XP level 6. HP: 41/41 MP: 0/12
  4495 | D:4      | Learned a level 4 spell: Hailstorm
  5037 | D:5      | Entered Level 5 of the Dungeon
  5265 | D:5      | Reached skill level 1 in Conjurations
  5451 | D:5      | HP: 3/39 [wight (7)]
  5480 | D:5      | Reached skill level 2 in Conjurations
  5492 | D:5      | Reached skill level 5 in Spellcasting
  5492 | D:5      | Gained mutation: You have a pair of horns on your head.
                  | [demonic ancestry]
  5492 | D:5      | Reached XP level 7. HP: 7/46 MP: 6/14
  5858 | D:5      | Noticed a yak
  5859 | D:5      | Noticed a yak
  5869 | D:5      | Killed a yak
  5917 | D:5      | Noticed a yak
  5920 | D:5      | Noticed a yak
  5931 | D:5      | Killed a yak
  5938 | D:5      | Killed a yak
  5940 | D:5      | Killed a yak
  5941 | D:5      | Reached XP level 8. HP: 23/52 MP: 8/17
  7584 | D:6      | Found a staircase to the Ecumenical Temple.
  7600 | Temple   | Entered the Ecumenical Temple
  7676 | Temple   | Became a worshipper of Gozag Ym Sagoz the Greedy
  7736 | D:6      | Reached XP level 9. HP: 49/57 MP: 14/20
  8294 | D:7      | Found Huyd's Lightly-Used Armoury.
  8344 | D:7      | Bought a -1 demon blade for 130 gold pieces
  8346 | D:7      | Bought a -1 demon blade for 130 gold pieces
  8364 | D:7      | Found a broken altar of Ashenzari.
  8700 | D:7      | Found a runed translucent door.
  8701 | D:7      | Noticed Crazy Yiuf
  8850 | D:7      | Reached skill level 1 in Fighting
  8918 | D:7      | Reached skill level 1 in Long Blades
  8925 | D:7      | HP: 8/61 [vampire mosquito (3)]
  8936 | D:7      | Reached skill level 2 in Fighting
  8940 | D:7      | Reached skill level 2 in Long Blades
  8944 | D:7      | Noticed Maggie
  8961 | D:7      | Killed Maggie
  9336 | D:7      | Killed Crazy Yiuf
  9823 | D:8      | Reached XP level 10. HP: 63/67 MP: 16/22
 10133 | D:8      | Found a shimmering altar of Xom.
 10232 | D:8      | Identified the +0 pair of gloves of Free Will {rPois Dex+2}
 10411 | D:8      | Found a shadowy altar of Dithmenos.
 10783 | D:9      | Noticed a centaur warrior
 10783 | D:9      | Noticed a seven-headed hydra
 10783 | D:9      | Noticed a centaur warrior
 10783 | D:9      | Noticed a centaur warrior
 10786 | D:9      | Killed a centaur warrior
 10788 | D:9      | Noticed a centaur warrior
 10788 | D:9      | Noticed Pikel
 10793 | D:9      | Killed a centaur warrior
 10794 | D:9      | Killed a centaur warrior
 10794 | D:9      | Killed a seven-headed hydra
 10795 | D:9      | Reached skill level 5 in Fighting
 10795 | D:9      | Reached skill level 5 in Long Blades
 10795 | D:9      | Reached skill level 10 in Ice Magic
 10802 | D:9      | Killed a centaur warrior
 10803 | D:9      | Gained mutation: You are mostly covered in yellow scales.
                  | (AC +3) [demonic ancestry]
 10803 | D:9      | Reached XP level 11. HP: 69/81 MP: 17/24
 10806 | D:9      | Killed Pikel
 10887 | D:9      | Identified the +5 halberd "Spiderslayer" {elec, rPois
                  | Int+2}
 10990 | D:9      | Noticed a centaur warrior
 11002 | D:9      | Killed a centaur warrior
 11003 | D:9      | Reached skill level 10 in Spellcasting
 11746 | D:10     | Entered Level 10 of the Dungeon
 11996 | D:10     | Found a staircase to the Lair.
 12136 | D:9      | Killed from afar by a vampire

Illustrated notes

Levels and vault maps discovered:
D:1:      sevenhm_arrival_forest_fort_small_6, layout_basic,
          shapermc_ecumenical_altar_mp_vishouse, st_stairs_11,
          hangedman_decor_diamond_cutter, minmay_misc_feat_nine_boxes
D:2:      layout_basic, serial_shops, nicolae_shop_stone
D:3:      minmay_angry_zag, layout_loops_corners
D:4:      layout_loops_ring, lemuel_flame_loot_1
D:5:      layout_basic
D:6:      layout_loops_ring, minmay_temple_entry_mist, grunt_ministairs_6
D:7:      layout_rooms, nicolae_ashenzari_skybound, minmay_shop_damaged,
          nrook_pool_corridor, uniq_maggie, uniq_crazy_yiuf_cottage
D:8:      layout_gridville, lemuel_doored_altar,
          nicolae_dithmenos_through_a_glass_darkly
D:9:      layout_loops_ring, minmay_the_grid_2x2 [minmay_the_grid_tree,
          minmay_the_grid_all_tris, minmay_the_grid_stretched_grid,
          minmay_the_grid_prize_big_room], uniq_pikel
D:10:     layout_long_grid, kennysheep_little_box, due_lair_maze_entry_diamond,
          erik_orc_2, minivault_22, lightli_fourway_metalbox, uniq_erica,
          uniq_fannar, uniq_joseph
Temple:   compressed_dpeg_circular_temple

Skill      XL: |  1  2  3  4  5  6  7  8  9 10 11 |
---------------+----------------------------------+-----
Ice Magic      | 4 5 7 8 9 10 | 10.5
Spellcasting   | 3 4 5 6 7 8 9 10 | 10.1
Conjurations   | 2 |  2.0
Fighting       | 3 5 6 |  6.6
Long Blades    | 3 5 6 |  6.0
Dodging        | |  1.7
Stealth        | |  1.7

Action                   |  1- 3 |  4- 6 |  7- 9 | 10-12 || total
-------------------------+-------+-------+-------+-------++-------
Melee: Dagger            |    34 |       |       |       ||    34
       Staff             |     6 |       |       |       ||     6
       Short sword       |       |    87 |    46 |       ||   133
       Headbutt          |       |    18 |    33 |    18 ||    69
       Battleaxe         |       |       |    48 |       ||    48
       Demon blade       |       |       |    84 |    87 ||   171
       Morningstar       |       |       |    21 |    25 ||    46
Throw: Boomerang         |       |     4 |       |       ||     4
 Cast: Freeze            |    48 |     3 |     5 |     2 ||    58
       Frozen Ramparts   |     6 |    15 |    25 |    17 ||    63
       Ozocubu's Armour  |     1 |     9 |    24 |    11 ||    45
Evoke: Wand              |       |    11 |    14 |     4 ||    29
  Use: Scroll            |     8 |     5 |     4 |       ||    17
       Potion            |       |     1 |     6 |       ||     7
 Stab: Sleeping          |     4 |     1 |     2 |       ||     7
       Invisible         |       |       |     4 |       ||     4
Armor: Robe              |    20 |    31 |    67 |       ||   118
       Leather armour    |       |       |    32 |       ||    32
       Steam dragon scal |       |       |    21 |    71 ||    92
       Skin              |       |       |     8 |       ||     8
Dodge: Dodged            |    48 |    51 |   153 |    56 ||   308
Block: Other             |       |    10 |    56 |    78 ||   144
       Reflection        |       |       |       |     9 ||     9
       Rpst.: Demon blade |       |       |    20 |     8 ||    28

Table legend: (Time is in decaauts)
 A = Elapsed time spent in this place.
 B = Non-inter-level travel time spent in this place.
 C = Inter-level travel time spent in this place.
 D = Time resting spent in this place.
 E = Time spent auto-exploring this place.
 F = Levels seen in this place.
 G = Mean time per level.
                   A        B        C        D        E       F      G
               +--------+--------+--------+--------+--------+-----+--------+
         Total |  12212 |  11804 |    408 |    888 |   9018 |  11 | 1110.2 |
       Dungeon |  12126 |  11727 |    399 |    888 |   8944 |  10 | 1212.6 |
        Temple |     85 |     76 |      9 |      0 |     74 |   1 |   85.0 |
               +--------+--------+--------+--------+--------+-----+--------+

Top non-repeatable levels by time:
     D:5: 1805 daAuts
     D:1: 1460 daAuts
     D:4: 1455 daAuts
     D:8: 1293 daAuts
     D:7: 1271 daAuts
     D:6: 1240 daAuts
     D:3: 1111 daAuts
     D:9: 1098 daAuts
     D:2: 1015 daAuts
    D:10: 375 daAuts
  Temple: 85 daAuts
